 Dungeon Crawl Stone Soup version 0.25.1-11-g244df3a29b (webtiles) character file.

Game seed: 4863818901319785341

25 DeepDeath the Shooter (level 2, -1/23 HPs)
             Began as a Minotaur Arcane Marksman on Jan 9, 2024.
             Was an Initiate of Okawaru.
             Slain by an adder (4 damage)
             ... on level 2 of the Dungeon.
             The game lasted 00:02:41 (1103 turns).

DeepDeath the Shooter (Minotaur Arcane Marksman)    Turns: 1103, Time: 00:02:42

Health: -1/23      AC:  2    Str: 14    XL:     2   Next: 82%
Magic:  2/2        EV: 12    Int: 10    God:    Okawaru [......]
Gold:   42         SH:  0    Dex: 10    Spells: 2/3 levels left

rFire    . . .     SeeInvis .   q - +0 shortbow
rCold    . . .     Gourm    .   (shield currently unavailable)
rNeg     . . .     Faith    .   e - +0 robe
rPois    .         Spirit   .   (helmet unavailable)
rElec    .         Reflect  .   (no cloak)
rCorr    .         Harm     .   (no gloves)
MR       .....                  (no boots)
Stlth    +.........             (no amulet)
HPRegen  0.07/turn              (no ring)
MPRegen  0.08/turn              (no ring)

@: brilliant
A: retaliatory headbutt, hooves 1, horns 3, screaming 1, subdued magic 1
a: Renounce Religion


You were on level 2 of the Dungeon.
You worshipped Okawaru.
Okawaru was noncommittal.
You were not hungry.

You visited 1 branch of the dungeon, and saw 2 of its levels.

You collected 42 gold pieces.

Inventory:

Hand Weapons
 c - a +0 falchion
 q - a +0 shortbow (weapon)
Missiles
 d - 14 arrows (quivered)
 i - 5 atropa-tipped darts
 k - a stone
Armour
 a - a cursed +0 ring mail
 e - a +0 robe (worn)
Jewellery
 j - a +4 ring of protection {unknown}
Comestibles
 f - 3 rations


   Skills:
 - Level 1.2 Fighting
 + Level 1.0 Long Blades
 * Level 2.8 Bows
 - Level 2.1 Dodging
 + Level 1.2 Spellcasting
 + Level 2.1 Hexes
 + Level 0.5 Invocations


You had 2 spell levels left.
You knew the following spells:

 Your Spells              Type           Power        Failure   Level  Hunger
a - Corona                Hex            #......      12%         1    None

Your spell library contained the following spells:

 Spells                   Type           Power        Failure   Level  Hunger
 Slow                     Hex            #.......     19%         2    None
 Inner Flame              Hex/Fire       #.......     50%         3    None
 Portal Projectile        Hex/Tloc       #.....       50%         3    None
 Cause Fear               Hex            #.........   77%         4    None
 Leda's Liquefaction      Hex/Erth       #.........   89%         4    None


Dungeon Overview and Level Annotations

Branches:
Dungeon (2/15)

Altars:
Okawaru


Innate Abilities, Weirdness & Mutations

You reflexively headbutt those who attack you in melee.
You have a pair of large horns on your head.
You have large cloven feet.
You occasionally shout uncontrollably at your foes.
Your spells are a little easier to cast, but a little less powerful.


Message History

Unknown command.
A frilled lizard comes into view.
Found 22 stones.
The frilled lizard hisses angrily.
Found a short sword.
Found a ration and a quarterstaff.
You see here 9 gold pieces.
A frilled lizard comes into view.
The frilled lizard hisses angrily.
Unknown command.
It was a potion of mutation.
You feel extremely strange.
Your feet thicken and deform.
You feel the urge to shout.
Your connection to magic feels subdued.
The horns on your head grow some more. The adder bites you.
* * * LOW HITPOINT WARNING * * *
The adder barely misses you.
It was a potion of brilliance.
You feel clever all of a sudden. The adder bites you.
You die...

#(......( ##.......(.....
............%...).
.................. ###
##...#.....(....... ...##
##..# #.(........?..
...##...###(.###.....####
#.#.......(.##...l.....#
#.<..........@S.l......##
####.†........$##w.......(
#.........#.####......####
#..##.|......####..........
#......)...................
.............#....$####.#.##
............######...# )# .#
.#.###...#.# #.#.$..# # #.
#.###.# #.####..


You could see a worm, an adder and 2 frilled lizards.

Vanquished Creatures
  A gnoll (D:1)
  A dart slug (D:1)
  A ball python (D:1)
  2 bats
  2 goblins (D:1)
  2 hobgoblins (D:1)
  2 frilled lizards
  2 kobolds (D:1)
13 creatures vanquished.

Notes
Turn   | Place    | Note
-------+----------+-------------------------------------------
     0 | D:1      | DeepDeath the Minotaur Arcane Marksman began the quest for
                  | the Orb.
     0 | D:1      | Reached XP level 1. HP: 16/16 MP: 1/1
   117 | D:1      | Found an iron altar of Okawaru.
   158 | D:1      | Became a worshipper of Warmaster Okawaru
   266 | D:1      | Reached XP level 2. HP: 13/23 MP: 2/2
   579 | D:1      | Reached skill level 1 in Long Blades
  1102 | D:2      | Gained mutation: You have large cloven feet. [potion of
                  | mutation]
  1102 | D:2      | Gained mutation: You occasionally shout uncontrollably at
                  | your foes. [potion of mutation]
  1102 | D:2      | Gained mutation: Your spells are a little easier to cast,
                  | but a little less powerful. [potion of mutation]
  1102 | D:2      | Gained mutation: You have a pair of large horns on your
                  | head. [potion of mutation]
  1103 | D:2      | Slain by an adder

Illustrated notes

Levels and vault maps discovered:
D:1:      eino_arrival_water_cross, layout_basic, grunt_decor_arrowhead,
          okawaru_ov_weapons_minmay
D:2:      layout_rooms, fiery_altar_vehumet

Skill      XL: |  1  2 |
---------------+-------+-----
Long Blades    | 1 |  1.0
Fighting       | |  1.2
Bows           | |  2.8
Dodging        | |  2.1
Spellcasting   | |  1.2
Hexes          | |  2.1
Invocations    | |  0.5

Action                   || total
-------------------------++-------
 Fire: Shortbow          ||    58
  Use: Scroll            ||     3
       Potion            ||     2
Armor: Robe              ||     3
Dodge: Dodged            ||    10
